 Dungeon Crawl Stone Soup version 0.20-a0-1117-g62da73f (webtiles) character file.

160542 grindst0ne the Executioner (level 17, -2/148 HPs)
             Began as a Minotaur Berserker on May 9, 2017.
             Was the Champion of Trog.
             Shot with an arrow by a deep elf knight (16 damage)
             ... on level 2 of the Elven Halls.
             The game lasted 02:08:39 (33711 turns).

grindst0ne the Executioner (Minotaur Berserker)    Turns: 33711, Time: 02:08:39

Health: -2/148     AC: 31    Str: 28    XL:     17   Next: 18%
Magic:  22/22      EV: 21    Int:  4    God:    Trog [******]
Gold:   1982       SH:  0    Dex: 15    Spells: 16/16 levels left

rFire    + + +     SeeInvis .   L - +8 executioner's axe (chop)
rCold    . . .     Gourm    .   (shield currently unavailable)
rNeg     . . .     Faith    +   C - +8 fire dragon scales
rPois    .         Spirit   .   (helmet restricted)
rElec    +         Reflect  .   n - scarf {rC+ rF+}
rCorr    .         Harm     .   d - +2 pair of gloves
MR       ++...     Clarity  +   P - +2 pair of boots
Stlth    ..........             y - amulet of faith
Regen    0.8/turn               r - +2 ring of strength
MPRegen  0.2/turn               S - ring of protection from magic

@: lethally poisoned (-2 -> -2), about to teleport, hasted, drained, very quick
A: retaliatory headbutt, horns 2, iridescent scales 1, clarity, regeneration 1,
screaming 1, electricity resistance, strong 1, wild magic 1
a: Berserk, Trog's Hand, Brothers in Arms, Burn Spellbooks, Renounce Religion


You were on level 2 of the Elven Halls.
You worshipped Trog.
Trog was exalted by your worship.
You were not hungry.

You visited 4 branches of the dungeon, and saw 25 of its levels.
You also visited: Ossuary.

You collected 2455 gold pieces.
You spent 473 gold pieces at shops.

Inventory:

Hand Weapons
 L - a +8 executioner's axe of chopping (weapon)
 Q - a +9 quick blade of flaming
 R - the +8 whip "Utwa" {pain, rC+ rN+ SInv}
   (You took it off a deep elf mage on level 13 of the Dungeon)

   In the hands of one skilled in necromantic magic, it inflicts extra damage on
   living creatures.
   It protects you from cold.
   It protects you from negative energy.
   It lets you see invisible.
Missiles
 x - 2 javelins of returning (quivered)
 H - 3 throwing nets
Armour
 d - a +2 pair of gloves (worn)
 n - a scarf of resistance (worn)
 w - a +2 cloak
 C - +8 fire dragon scales (worn)
 I - the +0 chain mail of Tomorrow {rN+++ rCorr Str-2 Int+4}
   (You found it on level 8 of the Dungeon)

   It affects your strength (-2).
   It affects your intelligence (+4).
   It renders you almost immune to negative energy.
   It protects you from acid and corrosion.
 P - a +2 pair of boots (worn)
Jewellery
 e - an uncursed amulet of regeneration
 i - an uncursed ring of resist corrosion
 r - a +2 ring of strength (left hand)
 y - an amulet of faith (around neck)
 S - a ring of protection from magic (right hand)
 T - an uncursed ring of poison resistance
Wands
 a - a wand of confusion (23/48)
 B - a wand of flame (28/48)
 D - a wand of lightning (11/15)
 E - a wand of acid (3/15)
 G - a wand of paralysis (10/24)
 K - a wand of clouds (6/9)
 N - a wand of lightning (11/15)
 W - a wand of flame (27/48)
 X - a wand of confusion (27/48)
Scrolls
 b - a scroll of enchant armour
 j - 10 scrolls of identify
 l - a scroll of fear
 q - 11 scrolls of remove curse
 z - 6 scrolls of recharging
 A - 11 scrolls of teleportation
 U - a scroll of brand weapon
 Z - 8 scrolls of fog
Potions
 g - 14 potions of curing
 s - 4 potions of haste
 u - 6 potions of agility
 v - 2 potions of cancellation
 J - a potion of might
 M - 3 potions of resistance
 O - 4 potions of berserk rage
 Y - 3 potions of flight
Miscellaneous
 f - a phial of floods
 m - a phial of floods
 t - a lightning rod (4/4)
 V - a fan of gales
Comestibles
 c - 9 bread rations
 k - 21 royal jellies
 o - 9 meat rations
 F - 12 fruits


   Skills:
 + Level 12.5(11.9) Fighting
 - Level 21.4(20.7) Axes
 - Level 16.0(15.4) Armour
 - Level 16.5(15.9) Dodging
 * Level 9.0(8.5) Evocations


You had 16 spell levels left.
You didn't know any spells.

Dungeon Overview and Level Annotations

Branches:
Dungeon (15/15)            Temple (0/1) D:5            Lair (6/6) D:10
 Shoals (0/4) Lair:3       Spider (0/4) Lair:4        Slime (0/5) Lair:5
    Orc (2/2) D:9             Elf (2/3) Orc:2        Vaults (0/5) D:14
 Depths (0/5) D:15

Altars:
Ashenzari
Cheibriados
Fedhas
Gozag
Hepliaklqana
Makhleb
Okawaru
Qazlal
Ru
Trog
Uskayaw
Vehumet
Xom
Yredelemnul

Shops:
D:8 ?   D:14 (   Orc:2 *((   Elf:2 %

Annotations:
D:10 exclusion: orange crystal statue
D:11 Josephine
Lair:6 exclusion: oklob plant


Innate Abilities, Weirdness & Mutations

You reflexively headbutt those who attack you in melee.
You have a pair of horns on your head.
You are partially covered in iridescent scales. (AC +2)
You possess an exceptional clarity of mind.
Your natural rate of healing is unusually fast.
You occasionally shout uncontrollably at your foes.
You are resistant to electric shocks. (rElec)
Your muscles are strong. (Str +2)
Your spells are a little harder to cast, but a little more powerful.


Message History

You feel sick.
You feel sick.
You feel sick.
You feel sick.
You feel sick.
The deep elf knight casts a spell.
The deep elf knight seems to speed up.
The deep elf knight shoots an arrow.
The arrow hits you but does no damage.
You see here an arrow.
You feel sick.
You feel yourself speed up.
You feel sick.
The deep elf knight casts a spell at you.
The stone arrow misses you.
The deep elf knight shoots an arrow.
The arrow hits you!
* * * LOW HITPOINT WARNING * * *
As you read the scroll of teleportation, it crumbles to dust.
You feel strangely unstable.
You feel sick.
The deep elf knight shoots an arrow.
The arrow hits you!
You die...

##..............##.............[.
##..(.........##.................
##....))..).......#..############
#................#..#.......[>..
#................#..#......)....
###.#...e...#.#...#..#...........
##.#...#.#...#....#..#...........
###.#..###.e#.#...#..############
##.e.#..#..#....@.#..............
##......#.........#..............
)'.##...#...##)...##########'####
.'(.#########....................
)')##...#...##...................
##..(...#.........###############
##...#..#..#.....>#..............
###.#..###..#.#...#..............
##.#...#.#...#....#..############


You could see a deep elf knight.

Vanquished Creatures
  A deep elf blademaster (Elf:2)
  2 frost giants
  A deep elf elementalist (Elf:2)
  A stone giant (Orc:2)
  A deep elf demonologist (Elf:1)
  A deep elf annihilator (Elf:1)
  Snorg (D:11)
  An ettin (Orc:2)
  2 fire dragons
  4 ogre magi
  The ghost of Dustman the Impaler, a journeyman MiGl of Okawaru (Lair:2)
  3 vault guards (D:14)
  13 hydras
  Harold (Lair:2)
  6 centaur warriors
  Erica (D:11)
  24 two-headed ogres
  A death knight (D:12)
  16 dancing weapons
  3 death yaks (Lair:6)
  The ghost of YrmMerkstave the Nimble, a novice MfGl of the Shining One (D:9)
  A death yak (shapeshifter) (D:12)
  Urug (D:15)
  An orc high priest (Elf:1)
  11 deep elf knights
  A fire crab (Lair:6)
  2 skeletal warriors (D:12)
  A death drake (shapeshifter) (D:12)
  9 deep elf archers
  An unseen horror (D:11)
  3 wizards (D:14)
  Pikel (D:6)
  2 deep trolls (Orc:2)
  4 orc knights
  A phantasmal warrior (D:12)
  2 necromancers (D:14)
  A wolf spider zombie (D:15)
  3 ugly things
  34 deep elf magi
  5 orc sorcerers
  7 elephants
  2 manticores
  7 black mambas
  4 cyclopes
  2 molten gargoyles
  3 gargoyles
  15 spiny frogs
  A yaktaur (shapeshifter) (D:14)
  11 komodo dragons
  2 rime drakes
  A queen bee (D:15)
  13 trolls
  A polar bear (Lair:4)
  3 meliai (D:15)
  6 blink frogs
  A harpy skeleton (D:15)
  4 dream sheep (Lair:5)
  15 hippogriffs
  An air elemental (Elf:2)
  A shadow (D:13)
  Sigmund (D:3)
  3 redbacks (Lair:4)
  2 water elementals
  A tarantella (shapeshifter) (Elf:2)
  9 wraiths
  39 yaks
  2 fire elementals
  A spriggan (shapeshifter) (Elf:2)
  7 wyverns
  17 humans (D:14)
  A vampire mosquito (D:13)
  Grum (D:10)
  A hungry ghost (D:15)
  5 basilisks
  2 steam dragons (Lair:6)
  5 wargs
  4 acid dragons
  9 swamp worms (Lair:6)
  2 soldier ants
  27 water moccasins
  5 hell hounds (Lair:6)
  11 porcupines
  A hornet zombie (D:15)
  2 swamp drakes
  4 ice beasts
  3 sky beasts
  A black bear (Lair:1)
  26 orc warriors
  A slave (D:6)
  3 phantoms
  An eye of draining (D:9)
  2 necrophages
  27 ogres
  28 wolves
  15 centaurs
  11 crocodiles
  4 big kobolds
  3 elf zombies (Ossuary)
  Blork the orc (Orc:1)
  24 bullfrogs
  A wyvern zombie (D:9)
  5 earth elementals
  5 scorpions
  27 killer bees
  4 wights (D:8)
  A howler monkey (D:5)
  10 crimson imps
  3 centaur zombies
  5 lava snakes (Lair:6)
  A quasit (D:7)
  4 bullfrog zombies
  3 centaur skeletons
  9 jellies
  Crazy Yiuf (D:3)
  12 hounds
  20 orc priests
  An iron imp (Orc:2)
  33 orc wizards
  3 bullfrog skeletons
  3 iguanas
  12 worker ants
  3 big kobold zombies (Ossuary)
  A hound zombie (Ossuary)
  3 mummies (Ossuary)
  A worker ant zombie (D:8)
  4 gnolls (D:9)
  20 adders
  A river rat (D:14)
  5 shadow imps
  A white imp (Orc:2)
  4 oozes
  7 adder zombies (Ossuary)
  14 worms
  2 dart slugs
  6 leopard geckos
  103 orcs
  7 bats
  4 giant cockroaches
  2 gnoll zombies (Ossuary)
  7 goblins
  9 hobgoblins
  15 jackals
  21 kobolds
  2 quokkas
  2 ball pythons (D:2)
  6 frilled lizards
  4 goblin zombies
  6 hobgoblin zombies (Ossuary)
  A jackal skeleton (D:7)
  A jackal zombie (Ossuary)
  4 kobold zombies (Ossuary)
  A leopard gecko skeleton (D:5)
  2 quokka skeletons
  6 quokka zombies (Ossuary)
  5 rats
  2 rat zombies
  2 fungi (Elf:1)
  A plant (D:14)
1029 creatures vanquished.

Vanquished Creatures (collateral kills)
  2 orc warriors (Orc:1)
  3 orc wizards (Orc:1)
  5 orcs (Orc:1)
10 creatures vanquished.

Vanquished Creatures (others)
  A deep elf mage (Elf:2)
  A human (D:9)
  A crimson imp (D:6)
  An orc (Orc:1)
  A fire vortex (D:15)
  27 fungi
  9 plants
41 creatures vanquished.

Grand Total: 1080 creatures vanquished

Notes
Turn   | Place    | Note
-------+----------+-------------------------------------------
     0 | D:1      | grindst0ne the Minotaur Berserker began the quest for the Orb.
     0 | D:1      | Reached XP level 1. HP: 19/19 MP: 0/0
   175 | D:1      | Reached XP level 2. HP: 27/27 MP: 1/1
   199 | D:1      | You fall through a shaft!
   238 | D:2      | Reached skill level 4 in Axes
   568 | D:1      | Reached ** piety under Trog
   696 | D:1      | Reached XP level 3. HP: 33/33 MP: 2/2
  1087 | D:3      | Reached skill level 5 in Axes
  1089 | D:3      | Reached XP level 4. HP: 41/41 MP: 3/3
  1238 | D:3      | Reached skill level 5 in Fighting
  1262 | D:3      | Noticed Sigmund
  1308 | D:3      | Killed Sigmund
  1308 | D:3      | Reached skill level 6 in Axes
  1308 | D:3      | Reached XP level 5. HP: 11/50 MP: 4/4
  1308 | D:3      | Reached XP level 6. HP: 13/57 MP: 5/5
  1599 | D:3      | Reached *** piety under Trog
  1639 | D:3      | Found a burning altar of Makhleb.
  1992 | D:3      | Found a runed door.
  1996 | D:3      | Noticed Crazy Yiuf
  2001 | D:3      | Killed Crazy Yiuf
  2001 | D:3      | Reached skill level 7 in Axes
  2068 | D:4      | Received a gift from Trog
  2135 | D:4      | Reached XP level 7. HP: 33/66 MP: 6/6
  2358 | D:4      | Gained mutation: You occasionally shout uncontrollably at your foes. [potion of mutation]
  2358 | D:4      | Gained mutation: Your flesh is heat resistant. (rF+) [potion of mutation]
  2358 | D:4      | Gained mutation: Your mind is acute. (Int +2) [potion of mutation]
  2657 | D:4      | Found a snail-covered altar of Cheibriados.
  2666 | D:4      | Reached skill level 8 in Axes
  3565 | D:5      | Entered Level 5 of the Dungeon
  3751 | D:5      | Found a sand-covered staircase.
  3762 | D:5      | Reached **** piety under Trog
  3764 | Ossuary  | Entered an ossuary
  3774 | Ossuary  | Reached XP level 8. HP: 75/75 MP: 7/7
  3911 | Ossuary  | Reached skill level 9 in Axes
  4028 | Ossuary  | Reached ***** piety under Trog
  4228 | D:5      | Found a staircase to the Ecumenical Temple.
  4486 | D:5      | Reached skill level 10 in Fighting
  4486 | D:5      | Reached skill level 10 in Axes
  4565 | D:5      | Received a gift from Trog
  4786 | D:5      | Found a blossoming altar of Fedhas.
  4898 | D:6      | Noticed a hand axe
  4898 | D:6      | Noticed a dagger
  4902 | D:6      | Found a hide-covered altar of Uskayaw.
  4926 | D:6      | Noticed an air elemental
  5300 | D:6      | Noticed Pikel
  5308 | D:6      | Killed Pikel
  5308 | D:6      | Reached skill level 11 in Axes
  5308 | D:6      | Reached XP level 9. HP: 89/89 MP: 8/8
  5405 | D:6      | Found a stormy altar of Qazlal.
  5670 | D:7      | Found a hazy altar of Hepliaklqana.
  5672 | D:7      | Found a shimmering altar of Xom.
  5673 | D:7      | Noticed a spectral ugly thing
  6047 | D:7      | Found a sacrificial altar of Ru.
  6549 | D:7      | Reached skill level 5 in Dodging
  6824 | D:7      | Reached XP level 10. HP: 96/96 MP: 9/9
  7136 | D:8      | Found Veipo's Magic Scroll Boutique.
  7158 | D:8      | Reached skill level 5 in Armour
  7227 | D:8      | Got a sapphire-studded chain mail
  7254 | D:8      | Identified the +0 chain mail of Tomorrow {rN+++ rCorr Str-2 Int+4} (You found it on level 8 of the Dungeon)
  7265 | D:8      | Bought a scroll of enchant weapon for 90 gold pieces
  7265 | D:8      | Bought a scroll of enchant armour for 90 gold pieces
  7555 | D:8      | Found a bloodstained altar of Trog.
  7555 | D:8      | Found a radiant altar of Vehumet.
  7556 | D:8      | Found a shattered altar of Ashenzari.
  7589 | D:8      | Noticed a two-headed ogre
  7599 | D:8      | Killed a two-headed ogre
  7634 | D:9      | Noticed YrmMerkstave's ghost (novice MfGl)
  8315 | D:9      | Killed YrmMerkstave's ghost
  8370 | D:9      | Found a runed door.
  8372 | D:9      | Found a basalt altar of Yredelemnul.
  8577 | D:9      | Noticed a two-headed ogre
  8587 | D:9      | Killed a two-headed ogre
  8727 | D:9      | Found an iron altar of Okawaru.
  8727 | D:9      | Found a basalt altar of Yredelemnul.
  8739 | D:9      | Received a gift from Trog
  8873 | D:9      | Reached XP level 11. HP: 91/100 MP: 3/10
  9255 | D:9      | Reached skill level 10 in Dodging
  9466 | D:9      | Found a staircase to the Orcish Mines.
  9654 | D:10     | Entered Level 10 of the Dungeon
  9731 | D:10     | Noticed Grum
 10009 | D:10     | Killed Grum
 10056 | D:10     | Noticed an orange crystal statue
 10371 | D:10     | Found a staircase to the Lair.
 10873 | D:10     | Noticed a two-headed ogre
 10879 | D:10     | Killed a two-headed ogre
 10952 | D:10     | Paralysed by a hornet for 2 turns
 11249 | D:11     | Noticed Josephine
 11277 | Lair:1   | Entered Level 1 of the Lair of Beasts
 12622 | Lair:1   | Reached skill level 10 in Armour
 13659 | Lair:2   | Reached XP level 12. HP: 108/108 MP: 11/11
 13845 | Lair:2   | Noticed Dustman's ghost (journeyman MiGl)
 13871 | Lair:2   | Killed Dustman's ghost
 13932 | Lair:2   | Noticed Harold
 14104 | Lair:2   | Killed Harold
 14296 | Lair:2   | Noticed a four-headed hydra
 14456 | Lair:2   | Killed a four-headed hydra
 14684 | Lair:2   | Noticed a five-headed hydra
 14692 | Lair:2   | Killed a five-headed hydra
 15018 | Lair:3   | Reached skill level 1 in Evocations
 15031 | Lair:3   | Received a gift from Trog
 16112 | Lair:3   | Noticed a five-headed hydra
 16122 | Lair:3   | Killed a five-headed hydra
 16355 | Lair:3   | Found a staircase to the Shoals.
 16608 | Lair:4   | Found a shimmering altar of Xom.
 16777 | Lair:4   | Reached XP level 13. HP: 114/114 MP: 15/15
 16794 | Lair:4   | Found a hole to the Spider Nest.
 16865 | Lair:4   | Reached skill level 5 in Evocations
 17232 | Lair:4   | Reached skill level 15 in Dodging
 17580 | Lair:4   | Reached ****** piety under Trog
 18328 | Lair:5   | Found a staircase to the Slime Pits.
 19129 | Lair:6   | Entered Level 6 of the Lair of Beasts
 20361 | Lair:6   | Found a large runed door.
 20362 | Lair:6   | Noticed a fire dragon
 21004 | Lair:6   | Found a large runed door.
 21056 | Lair:6   | Killed a fire dragon
 21056 | Lair:6   | Reached XP level 14. HP: 124/124 MP: 18/18
 21334 | Lair:6   | Received a gift from Trog
 22813 | Lair:6   | Received a gift from Trog
 22914 | Lair:6   | Reached skill level 15 in Armour
 23454 | D:11     | Gained mutation: You are frail. (-10% HP) [mutagenic meat]
 23455 | D:11     | Gained mutation: Your body sometimes deteriorates upon taking damage. [mutagenic meat]
 23552 | D:11     | Reached skill level 12 in Axes
 23572 | D:11     | Noticed Snorg
 23576 | D:11     | Killed Snorg
 23681 | D:11     | Noticed Erica
 23689 | D:11     | Killed Erica
 24151 | D:12     | Gained mutation: Your body often deteriorates upon taking damage. [mutagenic meat]
 24152 | D:12     | Gained mutation: You have a pair of large horns on your head. [mutagenic meat]
 24153 | D:12     | Gained mutation: You passively map a small area around you. [mutagenic meat]
 24154 | D:12     | Lost mutation: You are frail. (-10% HP) [mutagenic meat]
 24890 | D:12     | Lost mutation: Your body often deteriorates upon taking damage. [potion of mutation]
 24890 | D:12     | Lost mutation: Your body sometimes deteriorates upon taking damage. [potion of mutation]
 24890 | D:12     | Lost mutation: Your mind is acute. (Int +2) [potion of mutation]
 24890 | D:12     | Lost mutation: You have a pair of large horns on your head. [potion of mutation]
 24890 | D:12     | Lost mutation: You passively map a small area around you. [potion of mutation]
 24890 | D:12     | Lost mutation: Your flesh is heat resistant. (rF+) [potion of mutation]
 24890 | D:12     | Gained mutation: You are agile. (Dex +2) [potion of mutation]
 24890 | D:12     | Gained mutation: You are resistant to electric shocks. (rElec) [potion of mutation]
 24890 | D:12     | Gained mutation: You possess an exceptional clarity of mind. [potion of mutation]
 24943 | D:12     | Found an opulent altar of Gozag.
 24999 | D:12     | Received a gift from Trog
 25093 | D:12     | Reached skill level 13 in Axes
 25161 | D:12     | Noticed a frost giant
 25171 | D:12     | Noticed an entropy weaver
 25171 | D:12     | a shock serpent changed into an entropy weaver
 25172 | D:12     | Killed a frost giant
 25173 | D:12     | an entropy weaver changed into a catoblepas
 25175 | D:12     | Noticed an entropy weaver
 25175 | D:12     | a catoblepas changed into an entropy weaver
 25178 | D:12     | an entropy weaver changed into a death yak
 25863 | D:13     | Reached skill level 14 in Axes
 26092 | D:13     | Reached XP level 15. HP: 82/130 MP: 19/19
 26480 | D:13     | Got a fine whip {pain}
 26493 | D:13     | Identified the +8 whip "Utwa" {pain, rC+ rN+ SInv} (You took it off a deep elf mage on level 13 of the Dungeon)
 26569 | D:13     | Gained mutation: You are partially covered in iridescent scales. (AC +2) [mutagenic meat]
 26570 | D:13     | Lost mutation: You are agile. (Dex +2) [mutagenic meat]
 26662 | D:13     | Gained mutation: Your spells are a little harder to cast, but a little more powerful. [mutagenic meat]
 26663 | D:13     | Gained mutation: Your natural rate of healing is unusually fast. [mutagenic meat]
 26664 | D:13     | Gained mutation: Your muscles are strong. (Str +2) [mutagenic meat]
 26749 | D:14     | Reached skill level 15 in Axes
 26954 | D:14     | Received a gift from Trog
 27167 | D:14     | Found a gate to the Vaults.
 27179 | D:14     | Reached skill level 16 in Axes
 27239 | D:14     | Got a steaming trident
 27242 | D:14     | Identified the cursed +1 trident of Xuujyros {pierce, rElec MP+9} (You found it on level 14 of the Dungeon)
 27286 | D:14     | Found Epoofuev's Antique Weapon Shop.
 27748 | Orc:1    | Entered Level 1 of the Orcish Mines
 27770 | Orc:1    | Received a gift from Trog
 28182 | Orc:2    | Entered Level 2 of the Orcish Mines
 28273 | Orc:2    | Found a staircase to the Elven Halls.
 28303 | Orc:2    | Found Henir's Antique Weapon Shop.
 28330 | Orc:2    | Reached skill level 17 in Axes
 28459 | Orc:2    | Received a gift from Trog
 28561 | Orc:2    | Noticed Blork the orc
 28581 | Orc:1    | Killed Blork the orc
 28676 | Orc:2    | Reached skill level 18 in Axes
 28819 | Orc:2    | Found Qiacs's Weapon Boutique.
 28828 | Orc:2    | Found Retirgh's General Store.
 28859 | Orc:2    | Found Qozeohi's Food Shop.
 28882 | Orc:2    | Bought a scroll of teleportation for 51 gold pieces
 29200 | Orc:2    | Received a gift from Trog
 29580 | D:15     | Entered Level 15 of the Dungeon
 29745 | D:15     | Reached XP level 16. HP: 133/138 MP: 20/20
 29807 | D:15     | Noticed Urug
 29828 | D:15     | Killed Urug
 30049 | D:15     | Reached skill level 19 in Axes
 30481 | D:15     | Received a gift from Trog
 30485 | D:15     | HP: 6/138 [meliai/divine providence (14)]
 30754 | D:15     | Found a staircase to the Depths.
 31173 | Elf:1    | Entered Level 1 of the Elven Halls
 31275 | Elf:1    | Reached skill level 20 in Axes
 31653 | Elf:1    | Identified Qaotodda's Volume of Battle Magic
 31661 | Elf:1    | Received a gift from Trog
 32141 | Elf:1    | Reached skill level 21 in Axes
 32429 | Elf:1    | Received a gift from Trog
 32530 | Elf:2    | Found Awuaduur's Food Shop.
 32660 | Elf:2    | Bought a bread ration for 55 gold pieces
 32660 | Elf:2    | Bought a meat ration for 55 gold pieces
 32660 | Elf:2    | Bought a meat ration for 55 gold pieces
 32660 | Elf:2    | Bought a bread ration for 55 gold pieces
 32660 | Elf:2    | Bought a royal jelly for 22 gold pieces
 32911 | Elf:2    | Found a runed gate.
 32911 | Elf:2    | Found a runed gate.
 32914 | Elf:2    | Found a runed gate.
 33320 | Elf:2    | Reached XP level 17. HP: 146/146 MP: 22/22
 33658 | Elf:2    | Noticed a deep elf blademaster
 33682 | Elf:2    | Killed a deep elf blademaster
 33711 | Elf:2    | Shot with an arrow by a deep elf knight

Vault maps used:
D:1:      tarquinn_simple_flora_water_c
D:3:      makhleb_blood_cavern_becter, uniq_sigmund, uniq_crazy_yiuf_cottage
D:4:      kennysheep_slug_shrine, first_bread
D:5:      kennysheep_mini_moat, minmay_temple_entry_statues_fountains,
          enter_ossuary_4
D:6:      nicolae_qazlal_style_of_elements, dancing_weapons_uskayaw, uniq_pikel
D:7:      nicolae_ru_awakened_eye, regret_index_temple_of_mockery,
          grunt_ogre_cave
D:8:      gammafunk_temple_overflow_claw, serial_shops, shop, kennysheep_potato
D:9:      chequers_temple_overflow_statue_of_worship, david_orc_4,
          dk_yredelemnul_ordeal
D:10:     lair_entry_dummy, minmay_protected_statue, uniq_grum
D:11:     uniq_josephine, uniq_snorg, uniq_erica
D:12:     minmay_shrinking_squares, basic_altar
D:13:     kennysheep_room_grid
D:14:     grunt_vaults_entry_tiered, serial_shops, kennysheep_mini,
          grunt_ministairs_1, pond
D:15:     grunt_enter_depths_snipers, special_room, nicolae_lava_and_water,
          uniq_urug
Lair:2:   beast_lair_carwin_2, uniq_harold
Lair:3:   minmay_shoals_entry_beasts, beast_lair_carwin_4
Lair:4:   spider_nest_entry_a, basic_altar
Lair:5:   nicolae_slime_entry_slimehenge
Lair:6:   cheibrodos_lair_end_hotspot, minmay_lair_oklob_bushes, worms_lemuel
Orc:1:    basic_altar, uniq_fannar
Orc:2:    st_orc_open, hangedman_minor_magic
Elf:1:    minmay_elf_annihilation
Elf:2:    serial_shops, nicolae_shop_window_shopping,
          serial_sigils_hangedman_clutch, evilmike_ambush
Ossuary:  minmay_ossuary_two_tombs

Skill      XL: |  1  2  3  4  5  6  7  8  9 10 11 12 13 14 15 16 17 |
---------------+----------------------------------------------------+-----
Fighting       | 4 6 7 8 11 12 | 12.5
Axes           | 4 5 6 7 8 11 14 18 21 | 21.4
Dodging        | 5 9 12 14 16 | 16.5
Armour         | 4 7 10 11 13 16 | 16.0
Evocations     | 4 6 8 9 |  9.0

Action                   |  1- 3 |  4- 6 |  7- 9 | 10-12 | 13-15 | 16-18 || total
-------------------------+-------+-------+-------+-------+-------+-------++-------
Melee: Hand axe          |    55 |   109 |   224 |    28 |       |       ||   416
       Headbutt          |    11 |    19 |    86 |   170 |   253 |    65 ||   604
       War axe           |       |       |   164 |       |       |       ||   164
       Halberd           |       |       |       |   173 |       |       ||   173
       Quick blade       |       |       |       |   611 |   378 |    16 ||  1005
       Great mace        |       |       |       |       |   130 |       ||   130
       Executioner's axe |       |       |       |       |   505 |   318 ||   823
       Battleaxe         |       |       |       |       |     8 |       ||     8
Throw: Throwing net      |       |       |       |     1 |       |       ||     1
Invok: Berserk           |     4 |     5 |    14 |    31 |    44 |    12 ||   110
       Trog's Hand       |       |       |       |       |     1 |       ||     1
       Brothers in Arms  |       |       |       |       |     1 |       ||     1
Evoke: Wand              |       |       |       |     2 |     1 |       ||     3
  Use: Scroll            |       |       |    12 |     9 |    28 |     3 ||    52
       Potion            |       |       |     2 |     1 |    11 |     3 ||    17
 Stab: Distracted        |       |       |       |       |       |     1 ||     1
  Eat: Chunk             |     3 |     9 |    15 |    42 |    76 |    21 ||   166
       Bread ration      |       |       |     3 |     2 |     2 |     1 ||     8
       Meat ration       |       |       |       |     2 |     1 |       ||     3
       Fruit             |       |       |       |       |     4 |       ||     4
       Royal jelly       |       |       |       |       |     2 |       ||     2
Armor: Ring mail         |     2 |       |       |       |       |       ||     2
       Chain mail        |    32 |    60 |   209 |   316 |   350 |       ||   967
       Skin              |       |       |       |    17 |       |       ||    17
       Fire dragon scale |       |       |       |       |   113 |   196 ||   309
Dodge: Dodged            |    28 |    69 |   183 |   509 |  1138 |   383 ||  2310
